AoeStats
← RoR | Vodka_L_2

Arabian Desert

509368854Analyzed
1v1 RM · 6d ago on Sep 26, 2026· 24m 4s· 2 players
Game mode
Random Map
Map size
Tiny (2 player)
Population
200
Speed
Normal
Resources
Standard
Victory
Conquest
Starting age
Dark Age
Ending age
Imperial Age
RankedLock teamsTeams togetherTeam positionsShared explorationLock speedFull tech treeHidden civsTurbo modeCheats
Victory
Defeat
🇮🇹 Varangians · Italy
2574
+6
🇨🇳 Varangians · China
2331
-6
CNZS_Dadaya
5:47 Loom
8:43 Feudal Age
9:31 Double-Bit Axe
15:12 Bloodlines
18:42 Wheelbarrow
20:44 Fletching
21:08 Forging
22:16 Scale Mail Armor
RoR | Vodka_L_2
6:32 Loom
8:54 Feudal Age
9:47 Double-Bit Axe
13:22 Bloodlines
17:22 Wheelbarrow
16:35 Town Watch
17:44 Forging
18:41 Scale Barding Armor
21:04 Horse Collar
24:34 Wheelbarrow
Connection lost

Rejoining the realm…

Still unreachable

The connection could not be restored.

Session expired

The server has moved on; the page needs a fresh start.